 Dungeon Crawl Stone Soup version 0.18-a0-844-g9229740 (webtiles) character file.

56434 Ijustatesigmund the Covert (level 14, -3/75 HPs)
             Began as a Spriggan Assassin on Dec 17, 2015.
             Was a High Priest of Dithmenos.
             Slain by a white ugly thing (33 damage)
             ... on level 1 of the Depths on Dec 18, 2015.
             The game lasted 02:48:25 (25077 turns).

Ijustatesigmund the Covert (Spriggan Assassin)     Turns: 25077, Time: 02:48:26

Health: -3/75      AC:  8    Str:  9    XL:     14   Next: 42%
Magic:  34/34      EV: 30    Int: 16    God:    Dithmenos [*****.]
Gold:   726        SH: 14    Dex: 22    Spells: 4 memorised, 19 levels left

rFire  . . .     SeeInvis +     f - +2 rapier (speed)
rCold  . . .     Gourm    .     V - +0 steam dragon armour
rNeg   . . .     Faith    .     a - +3 buckler "Vytwa" {Stlth+}
rPois  .         Spirit   .     (helmet restricted)
rElec  .         Dismiss  .     d - +2 cloak
rCorr  .         Reflect  +     (gloves unavailable)
SustAt .         Harm     .     (boots unavailable)
MR     ++...                    s - amulet "Connec" {Reflect MP+9 Str+2 SH+3}
Stlth  ++++++++++               c - +3 ring of dexterity
                                r - ring of stealth

@: wreathed by umbra, repel missiles, very quick, very resistant to hostile
enchantments, uncannily stealthy
A: unfitting armour, fangs 1, see invisible, herbivore 3, speed 3, slow
metabolism 2
a: Shadow Step, Shadow Form, Renounce Religion


You were on level 1 of the Depths.
You worshipped Dithmenos.
Dithmenos was extremely pleased with you.
You were not hungry.

You visited 5 branches of the dungeon, and saw 24 of its levels.
You also visited: Ice Cave and Volcano.

You collected 2183 gold pieces.
You spent 1457 gold pieces at shops.

Inventory:

Hand Weapons
 b - a +2 blowgun
 f - a +2 rapier of speed (weapon)
 n - a +3 dagger of venom
 p - a +1 dagger of protection
 I - a +3 dagger of speed
 T - the +7 rapier "Killer Bee's Curse" {drain, *Drain rF+ Stlth+}
   (You bought it in a shop on level 13 of the Dungeon)

   A truly terrible weapon, it drains the life of those it strikes.
   It protects you from fire.
   It causes draining when unequipped.
   It makes you more stealthy.
Missiles
 e - 123 poisoned needles
Armour
 a - the +3 buckler "Vytwa" (worn) {Stlth+}
   (You bought it in a shop on level 4 of the Dungeon)

   It makes you more stealthy.
 d - a +2 cloak (worn)
 l - a +2 robe of fire resistance
 x - a mottled dragon hide
 V - a +0 steam dragon armour (worn)
Magical Staves
 B - an uncursed staff of death {unknown}
Jewellery
 c - a +3 ring of dexterity (right hand)
 o - an uncursed amulet of guardian spirit
 r - a ring of stealth (left hand)
 s - the amulet "Connec" (around neck) {Reflect MP+9 Str+2 SH+3}
   (You bought it in a shop on level 1 of the Orcish Mines)

   [amulet of reflection]

   It shields you and reflects attacks.
   It affects your strength (+2).
   It affects your magic capacity (+9).
   It affects your SH (+3).
 F - an uncursed ring of magical power
 G - an uncursed ring of fire
 K - an uncursed amulet of dismissal
 U - an uncursed ring of ice
Wands
 w - a wand of slowing (16)
 A - a wand of draining (11)
 C - a wand of cold (7)
 J - a wand of lightning (6)
 O - a wand of teleportation (3)
Scrolls
 h - 6 scrolls of teleportation
 i - 2 scrolls of recharging
 j - 3 scrolls of fog
 y - 3 scrolls of blinking
 D - 3 scrolls of magic mapping
 N - 4 scrolls of identify
 P - a scroll of fear
 R - 6 scrolls of remove curse
Potions
 m - 3 potions of haste
 q - 4 potions of agility
 u - 9 potions of curing
 v - a potion of cancellation
 E - 4 potions of flight
 M - 3 potions of heal wounds
 S - a potion of berserk rage
Books
 L - a book of Alchemy

   Spells                             Type                      Level
   a - Sublimation of Blood           Necromancy                   2
   b - Ignite Poison                  Fire/Transmutation/Poison    3
   c - Alistair's Intoxication        Transmutation/Poison         4
   d - Condensation Shield            Ice                          4
   e - Petrify                        Transmutation/Earth          4
   f - Irradiate                      Conjuration/Transmutation    5
 Q - a book of Geomancy

   Spells                             Type                      Level
   a - Sandblast                      Earth                        1
   b - Stoneskin                      Transmutation/Earth          2
   c - Passwall                       Transmutation/Earth          3
   d - Stone Arrow                    Conjuration/Earth            3
   e - Petrify                        Transmutation/Earth          4
   f - Lee's Rapid Deconstruction     Earth                        5
Miscellaneous
 t - a fan of gales
Comestibles
 g - 7 bread rations
 H - 9 slices of pizza


   Skills:
 + Level 9.3 Fighting
 - Level 10.3 Short Blades
 - Level 8.0 Throwing
 - Level 3.0 Armour
 - Level 11.1 Dodging
 - Level 14.0 Stealth
 - Level 4.3 Shields
 - Level 7.2 Spellcasting
 - Level 4.5 Charms
 + Level 1.6 Transmutations
 - Level 3.4 Air Magic
 + Level 1.3 Earth Magic
 + Level 11.4 Invocations
 + Level 5.9 Evocations


You had 19 spell levels left.
You knew the following spells:

 Your Spells              Type           Power        Failure   Level  Hunger
a - Repel Missiles        Chrm/Air       ###...       6%          2    None
b - Swiftness             Chrm/Air       ###.....     6%          2    None
c - Song of Slaying       Chrm           ###.....     4%          2    None
d - Stoneskin             Trmt/Erth      ##......     14%         2    None


Dungeon Overview and Level Annotations

Branches:
Dungeon (15/15)            Temple (1/1) D:6            Lair (5/8) D:8
 Spider (0/4) Lair:3          Orc (2/2) D:9             Elf (0/3) Orc:2
 Vaults (0/5) D:13         Depths (1/5) D:15
  Swamp: Lair:3-6    Shoals: Lair:3-6

Altars:
Ashenzari
Cheibriados
Dithmenos
Elyvilon
Fedhas
Gozag
Kikubaaqudgha
Makhleb
Nemelex Xobeh
Okawaru
Pakellas
Qazlal
Ru
Sif Muna
Trog
Vehumet
Xom
Yredelemnul
Zin
The Shining One
Beogh

Shops:
D:4 [   D:5 ?   D:13 %*%   Orc:1 =

Annotations:
D:10 Josephine
Lair:5 Uberwunderbarhen's ghost, journeyman OpAs
Orc:2 Maud


Innate Abilities, Weirdness & Mutations

You are tiny and cannot use many weapons and most armour.
You have supernaturally acute eyesight.
You are a herbivore.
You cover ground extremely quickly.
You need consume almost no food.
You have very sharp teeth.


Message History

The white ugly thing is severely wounded.
Your shadow closely misses the white ugly thing.
You hit the white ugly thing.
The white ugly thing is severely wounded.
You block the white ugly thing's attack.
You hit the white ugly thing.
You bite the white ugly thing, but do no damage.
The white ugly thing is severely wounded.
You closely miss the white ugly thing. Your bite misses the white ugly thing.
The white ugly thing is severely wounded.
You hit the white ugly thing but do no damage.
The white ugly thing is severely wounded.
The white ugly thing pecks you! The white ugly thing freezes you!!
You hit the white ugly thing.
The white ugly thing is almost dead.
You barely miss the white ugly thing.
The white ugly thing is almost dead.
Your shadow barely misses the white ugly thing.
The white ugly thing pecks you! The white ugly thing freezes you!!
You die...

########################
.......#.......#@u.(..(#
.#####.#.#####.#.#####.#
##...#.#.#...#.#.#...#.#
##.#.%.#.#.#...#.#(#...#
##.#####.#.#####)#.#######
.#.......#.......#..u(.uu#
.#######################u#
#... #(# ###. # #######u#


You could see a white ugly thing.

Vanquished Creatures
  A dire elephant (D:15)
  An ettin (Orc:2)
  A fire dragon (Lair:4)
  An ogre mage (Depths:1)
  6 hydras
  A centaur warrior (D:13)
  2 dancing weapons (D:13)
  3 skeletal warriors (D:11)
  An unseen horror (D:11)
  A flayed ghost (Depths:1)
  4 hill giants
  An orb spider (Lair:3)
  A wizard (Depths:1)
  6 ugly things
  An orc sorcerer (Orc:1)
  A salamander (D:15)
  A wolf spider (D:15)
  2 cyclopes (D:15)
  2 manticores
  A black mamba (Lair:3)
  A gargoyle (D:13)
  7 elephants
  4 spiny frogs
  6 trolls
  An efreet (D:14)
  4 komodo dragons
  5 polar bears
  A tengu conjurer (D:13)
  13 slime creatures
  A minotaur skeleton (Volcano)
  4 two-headed ogres
  7 blink frogs
  2 shadows
  A trapdoor spider (D:13)
  Eustachio (D:6)
  Grum (D:8)
  3 basilisks
  31 yaks
  3 wraiths
  2 steam dragons
  A mottled dragon (D:12)
  Edmund (D:5)
  4 hippogriffs
  3 hungry ghosts
  13 wolves
  Duvessa (D:4)
  9 porcupines
  2 wargs (D:8)
  6 water moccasins
  A necrophage (D:10)
  4 phantoms
  12 ice beasts
  2 sky beasts
  A black bear (D:11)
  An eye of draining (D:12)
  16 orc warriors
  6 centaurs
  2 manticore skeletons (Volcano)
  9 big kobolds
  2 wasps
  17 ogres
  7 crocodiles
  20 giant frogs
  A wyvern zombie (D:6)
  4 scorpions
  Dowan (D:4)
  11 killer bees
  5 crimson imps
  16 wights
  A giant frog zombie (D:5)
  3 giant frog skeletons
  22 orc priests
  12 hounds
  3 jellies
  17 orc wizards
  3 centaur zombies
  3 centaur skeletons (Volcano)
  12 worker ants
  5 iguanas
  3 centaur simulacra
  A killer bee zombie (D:9)
  11 sheep
  A giant frog simulacrum (D:12)
  A mummy (Volcano)
  2 worker ant zombies (D:11)
  7 gnolls
  39 river rats
  5 shadow imps
  10 adders
  3 white imps
  3 oozes
  2 ufetubi (D:11)
  An adder zombie (D:7)
  An adder skeleton (D:5)
  3 worms
  7 giant geckos
  73 orcs
  7 bats
  3 giant cockroaches
  8 hobgoblins
  6 jackals
  3 giant newts
  5 goblins
  34 kobolds
  2 quokka skeletons
  5 rats
641 creatures vanquished.

Vanquished Creatures (collateral kills)
  An orc warrior (D:9)
  A gnoll sergeant (D:9)
  A big kobold (D:9)
  An orc wizard (Orc:2)
  An orc priest (D:6)
  2 gnolls (D:9)
  8 orcs (D:9)
15 creatures vanquished.

Vanquished Creatures (others)
  An elephant (Lair:2)
  An orc warrior (D:9)
  A yak (Lair:2)
  An ogre (D:9)
  6 orcs
  A fungus (Lair:2)
  2 plants (Lair:2)
13 creatures vanquished.

Grand Total: 669 creatures vanquished

Notes
Turn   | Place    | Note
--------------------------------------------------------------
     0 | D:1      | Ijustatesigmund the Spriggan Assassin began the quest for the Orb.
     0 | D:1      | Reached XP level 1. HP: 10/10 MP: 2/2
    63 | D:2      | Reached skill level 6 in Stealth
    83 | D:2      | You fall through a shaft!
    90 | D:3      | Reached XP level 2. HP: 14/14 MP: 3/3
   228 | D:2      | Found a basalt altar of Yredelemnul.
   330 | D:1      | Reached XP level 3. HP: 15/18 MP: 4/4
  1030 | D:2      | Reached XP level 4. HP: 22/22 MP: 5/5
  1528 | D:3      | Reached skill level 7 in Stealth
  1813 | D:3      | Reached XP level 5. HP: 21/25 MP: 6/6
  2014 | D:3      | Found a sparkling altar of Nemelex Xobeh.
  2015 | D:3      | Found a stormy altar of Qazlal.
  2137 | D:4      | Noticed an ogre
  2156 | D:4      | Killed an ogre
  2156 | D:4      | Reached skill level 8 in Stealth
  2156 | D:4      | Reached XP level 6. HP: 30/30 MP: 7/7
  2171 | D:4      | Found Koyv's Antique Armour Shoppe.
  2403 | D:4      | Found a roughly hewn altar of Beogh.
  2428 | D:4      | Reached skill level 9 in Stealth
  2800 | D:4      | Bought a warped buckler for 209 gold pieces
  2805 | D:4      | Identified the +3 buckler "Vytwa" {Stlth+} (You bought it in a shop on level 4 of the Dungeon)
  3084 | D:4      | Reached XP level 7. HP: 2/34 MP: 8/8
  3435 | D:4      | Reached skill level 1 in Shields
  3536 | D:4      | Noticed Duvessa
  3567 | D:5      | Entered Level 5 of the Dungeon
  3696 | D:5      | Found Utuimp's Magic Scroll Shop.
  3737 | D:5      | Reached skill level 5 in Dodging
  3807 | D:5      | Bought a scroll of enchant weapon for 97 gold pieces
  4754 | D:5      | Reached skill level 5 in Short Blades
  4754 | D:5      | Reached XP level 8. HP: 40/40 MP: 9/9
  4778 | D:5      | Noticed Edmund
  4780 | D:5      | Killed Edmund
  4938 | D:4      | Noticed Dowan
  4943 | D:4      | Killed Dowan
  5012 | D:4      | Killed Duvessa
  5012 | D:4      | Reached skill level 10 in Stealth
  5219 | D:6      | Noticed Eustachio
  5247 | D:6      | Found a staircase to the Ecumenical Temple.
  5255 | Temple   | Entered the Ecumenical Temple
  5310 | Temple   | Became a worshipper of Dithmenos the Shadowed
  5341 | D:6      | Found a white marble altar of Elyvilon.
  5368 | D:6      | Found a burning altar of Makhleb.
  5421 | D:6      | Reached skill level 11 in Stealth
  5483 | D:7      | Reached skill level 12 in Stealth
  5534 | D:7      | Gained mutation: You have very sharp teeth. [potion of beneficial mutation]
  5685 | D:7      | Reached skill level 1 in Invocations
  5713 | D:7      | Learned a level 2 spell: Repel Missiles
  5957 | D:7      | Reached XP level 9. HP: 39/44 MP: 11/11
  6073 | D:7      | Found an iron altar of Okawaru.
  6173 | D:8      | Reached * piety under Dithmenos
  6283 | D:8      | Found a glowing silver altar of Zin.
  6361 | D:8      | Reached skill level 5 in Invocations
  6711 | D:6      | Killed Eustachio
  6849 | D:6      | Reached ** piety under Dithmenos
  7099 | D:6      | Reached skill level 1 in Spellcasting
  7526 | D:6      | Reached skill level 5 in Fighting
  7772 | D:8      | Noticed Grum
  7855 | D:8      | Killed Grum
  8080 | D:8      | Reached XP level 10. HP: 51/51 MP: 15/15
  8547 | D:8      | Found a staircase to the Lair.
  9430 | D:9      | Reached skill level 5 in Spellcasting
  9783 | D:9      | Found a staircase to the Orcish Mines.
  9801 | D:9      | Reached *** piety under Dithmenos
  9889 | D:9      | Reached skill level 10 in Dodging
  9969 | Orc:1    | Entered Level 1 of the Orcish Mines
 10297 | D:9      | Noticed a three-headed hydra
 10299 | D:9      | Killed a three-headed hydra
 10299 | D:9      | Reached XP level 11. HP: 55/55 MP: 19/19
 10311 | D:9      | Learned a level 2 spell: Swiftness
 10365 | D:10     | Entered Level 10 of the Dungeon
 10514 | D:10     | Reached skill level 1 in Air Magic
 10694 | D:10     | Noticed Josephine
 10766 | Lair:1   | Entered Level 1 of the Lair of Beasts
 11184 | Lair:1   | Noticed a seven-headed hydra
 11192 | Lair:1   | Killed a seven-headed hydra
 12503 | Lair:2   | Identified a scroll of acquirement
 12831 | Lair:2   | Reached skill level 5 in Throwing
 13114 | Lair:2   | Reached **** piety under Dithmenos
 13316 | Lair:3   | Found a hole to the Spider Nest.
 13682 | Lair:3   | Reached XP level 12. HP: 59/59 MP: 22/22
 14665 | D:10     | Identified the Incunabulum of Snow
 14868 | D:11     | Found a frozen archway.
 14882 | IceCv    | Entered an ice cave
 14916 | IceCv    | Reached skill level 10 in Short Blades
 16545 | Lair:3   | Reached skill level 13 in Stealth
 17203 | Lair:4   | Noticed a six-headed hydra
 17209 | Lair:4   | Killed a six-headed hydra
 17209 | Lair:4   | Reached XP level 13. HP: 65/65 MP: 19/24
 17302 | Lair:4   | Reached skill level 14 in Stealth
 18263 | Lair:5   | Noticed Uberwunderbarhen's ghost (journeyman OpAs)
 18297 | Lair:5   | Found a dark tunnel.
 18304 | Volcano  | Entered a volcano
 18536 | Lair:5   | Learned a level 2 spell: Song of Slaying
 19601 | Orc:2    | Entered Level 2 of the Orcish Mines
 19601 | Orc:2    | Noticed Maud
 19820 | Orc:1    | Found Daukkacs's Jewellery Boutique.
 19856 | Orc:1    | Bought the amulet "Connec" {Reflect MP+9 Str+2 SH+3} for 579 gold pieces
 19930 | Orc:2    | Found a roughly hewn altar of Beogh.
 20081 | Orc:2    | Found a staircase to the Elven Halls.
 21070 | D:12     | Reached ***** piety under Dithmenos
 21341 | D:12     | Reached skill level 10 in Invocations
 21854 | D:13     | Found Zyotut's Food Shoppe.
 21858 | D:13     | Got a fine long sword
 21859 | D:13     | Identified the cursed +1 long sword of Zyhiuq {slice, Int+4} (You found it on level 13 of the Dungeon)
 21864 | D:13     | Bought a slice of pizza for 19 gold pieces
 21864 | D:13     | Bought a bread ration for 65 gold pieces
 21946 | D:13     | Reached skill level 1 in Armour
 21985 | D:13     | Found a gate to the Vaults.
 22103 | D:13     | Found Puniaraki's Food Boutique.
 22111 | D:13     | Bought a fruit for 18 gold pieces
 22111 | D:13     | Bought a slice of pizza for 18 gold pieces
 22111 | D:13     | Bought a bread ration for 60 gold pieces
 22172 | D:13     | Found Ditwiwne's Assorted Antiques.
 22176 | D:13     | Bought a polished rapier for 252 gold pieces
 22176 | D:13     | Bought a tubular granite ring for 140 gold pieces
 22180 | D:13     | Identified the +7 rapier "Killer Bee's Curse" {drain, *Drain rF+ Stlth+} (You bought it in a shop on level 13 of the Dungeon)
 22485 | D:13     | Got an ancient lajatang
 22486 | D:13     | Identified the cursed +1 lajatang of Wrath {pain, rN+} (You found it on level 13 of the Dungeon)
 22892 | D:14     | Reached XP level 14. HP: 64/74 MP: 25/25
 22927 | D:15     | Entered Level 15 of the Dungeon
 23082 | D:15     | Upgraded the game from 0.18-a0-824-g47fe746 to 0.18-a0-844-g9229740
 23578 | D:15     | Found a staircase to the Depths.
 23725 | D:15     | Reached skill level 5 in Evocations
 24072 | Depths:1 | Entered Level 1 of the Depths
 24187 | Depths:1 | Learned a level 2 spell: Stoneskin
 24244 | Depths:1 | Reached skill level 1 in Transmutations
 24735 | D:15     | Reached skill level 1 in Earth Magic
 24927 | Depths:1 | Found a snail-covered altar of Cheibriados.
 25077 | Depths:1 | Slain by a white ugly thing

Vault maps used:
D:1:      elethiomel_arrival_infinity_welcomes_careful_drivers
D:2:      yredelemnul_altar_generic, first_bread, minivault_24,
          kennysheep_generic_room_15
D:3:      gammafunk_temple_overflow_pools, kennysheep_generic_room_13
D:4:      serial_shops, shop, minmay_hedge_maze, kennysheep_orc_chapel,
          uniq_duvessa
D:5:      serial_shops, nicolae_shop_waterfront, uniq_edmund
D:6:      nicolae_overflow_hidden_temple, elyvilon_altar_5,
          minmay_temple_entry_crystal_x, uniq_eustachio
D:7:      kennysheep_mini_moat
D:8:      lemuel_crystal_altar, erik_lair_orcish_takeover, uniq_grum
D:9:      kennysheep_orc_monster_closet_entryway, hangedman_ranch
D:10:     uniq_josephine
D:11:     serial_ice, serial_ice_a, serial_ice_n, serial_ice_o, serial_ice_b,
          portal_ice_cave_entry_ice_beasts
D:12:     serial_ice, serial_ice_m, serial_ice_g, serial_ice_e, serial_ice_l
D:13:     erik_vaults_1, serial_shops, shop, shop, shop_fountains
D:14:     serial_shops, shop_fountains, uniq_nessos
D:15:     hangedman_depths_entry_try_elsewhere_first
Temple:   circular_temple_13
Lair:2:   serial_bayou_shore_a, serial_bayou_shore_b, grunt_megastairs_5
Lair:3:   nicolae_spider_entry_orb_guardian, infiniplex_staircase_pool_2
Lair:4:   dragon1_lemuel, serial_bayou_crossing
Lair:5:   nicolae_volcano_entry_two_sided, bh_autumn_forest_stairs
Orc:1:    serial_shops, shop
Orc:2:    grunt_orc_tribal_feast, basic_altar, uniq_maud
Depths:1: kennysheep_six_static_rooms, enter_ziggurat_d,
          pf_hell_entry_tar_spiral, grunt_pan_entry_in_and_out,
          cheibriados_altar_1, patterned_corridor, serial_bayou_shore_b
IceCv:    ice_cave_caverns_03
Volcano:  volcano_tomb

Action                   |  1- 3 |  4- 6 |  7- 9 | 10-12 | 13-15 || total
-------------------------+-------+-------+-------+-------+-------++-------
Melee: Dagger            |    94 |   142 |   280 |  1000 |   341 ||  1857
       Rapier            |       |       |    33 |   121 |   718 ||   872
 Fire: Blowgun           |     9 |    21 |    34 |    93 |    48 ||   205
Throw: Tomahawk          |       |       |     7 |    70 |    36 ||   113
 Cast: Repel Missiles    |       |       |       |     1 |     3 ||     4
       Stoneskin         |       |       |       |       |     1 ||     1
Invok: Shadow Step       |       |       |       |    12 |     6 ||    18
Evoke: Wand              |       |       |    10 |    17 |     5 ||    32
       Fan of gales      |       |       |       |       |     1 ||     1
  Use: Scroll            |    10 |     4 |    15 |    11 |    13 ||    53
       Potion            |       |     2 |     2 |     3 |       ||     7
 Stab: Sleeping          |     9 |    10 |    30 |    82 |   103 ||   234
       Distracted        |       |     3 |     4 |    12 |    11 ||    30
  Eat: Bread ration      |       |       |     1 |       |       ||     1
       Pizza             |       |       |       |     1 |     2 ||     3
       Fruit             |       |       |       |     8 |     6 ||    14
